Map: Eternal Empire LE

Players

Serral - Winner!

  • Race: Zerg Zerg
  • Spawn Location: 1:00

YoutubeTY (TY)

  • Race: Terran Terran
  • League: Master
  • Spawn Location: 7:00

Event: DreamHack SC2 Masters 2020 Summer Season Finals

VOD

Have the link to the VOD?

Description

Time

  • Played on: July 18, 2020, 12:35 p.m.
  • Length: 14:02

All games in this series

Show
View Real Time Build Order
Export as new Build Order

Serral Zerg - Winner!

Build Orders: Hatch First, Muta Ling Bane 

Get SALT Encoding   

  12  0:00  Drone  
  13  0:12  Overlord  
  13  0:17  Drone  
  14  0:30  Drone x2  
  16  0:48  Hatchery  
  15  0:51  Drone  
  15  0:55  Drone  
  17  0:59  Drone  
  18  1:09  Extractor  
  17  1:15  Spawning Pool  
  16  1:18  Drone  
  16  1:22  Drone  
  18  1:28  Drone  
  19  1:40  Drone  
  20  1:49  Overlord  
  20  2:02  Queen x2  
  20  2:03  Zergling x4  
  26  2:11  Drone x2  
  26  2:14  Metabolic Boost  
  28  2:22  Drone x2  
  30  2:33  Overlord  
  30  2:34  Drone  
  31  2:38  Queen  
  31  2:43  Drone  
  34  2:44  Drone  
  34  2:51  Pneumatized Carapace  
  35  2:54  Drone  
  35  2:56  Drone  
  37  3:04  Drone  
  38  3:10  Hatchery  
  37  3:14  Drone x2  
  37  3:17  Drone  
  40  3:21  Overlord  
  40  3:22  Drone  
  40  3:24  Drone  
  42  3:33  Overlord, Queen  
  44  3:39  Drone  
  44  3:40  Drone  
  46  3:42  Overlord  
  46  3:45  Zergling x4  
  48  3:51  Zergling x4  
  48  3:52  Drone x3  
  48  3:53  Drone  
  54  4:02  Roach Warren, Drone x2  
  55  4:03  Drone  
  55  4:09  Queen  
  56  4:12  Drone  
  56  4:14  Drone  
  60  4:17  Drone x3  
  60  4:22  Overlord  
  60  4:23  Extractor  
  62  4:26  Queen  
  62  4:28  Drone x2  
  62  4:30  Drone  
  67  4:35  Zergling x4  
  67  4:36  Evolution Chamber  
  68  4:42  Roach x3  
  68  4:45  Roach  
  76  4:49  Drone x2  
  76  4:53  Drone x3  
  76  4:56  Lair  
  80  5:00  Drone x2  
  80  5:01  Overlord x2  
  80  5:07  Overlord  
  81  5:11  Zerg Ground Armor Level 1  
  81  5:17  Extractor  
  81  5:18  Evolution Chamber, Overlord, Extractor  
  81  5:20  Zergling x4  
  80  5:21  Drone x4  
  80  5:22  Drone  
  80  5:27  Drone x3  
  80  5:28  Drone x2  
  90  5:29  Drone  
  90  5:30  Drone  
  90  5:34  Drone  
  93  5:37  Drone x4  
  93  5:38  Drone  
  93  5:42  Extractor  
  97  5:47  Zerg Melee Weapons Level 1  
  97  5:49  Hatchery  
  96  5:50  Drone  
  96  5:51  Drone  
  96  5:54  Extractor  
  96  5:55  Baneling Nest  
  96  5:59  Drone x2  
  96  6:02  Overlord  
  96  6:04  Overlord x2  
  98  6:07  Drone x4  
  98  6:08  Drone x2  
  104  6:15  Drone x3, Spire  
  104  6:16  Drone  
  107  6:24  Drone x2  
  109  6:25  Unknown  
  109  6:26  Drone  
  109  6:31  Overlord  
  109  6:32  Overseer  
  109  6:34  Drone x3  
  109  6:35  Overlord  
  109  6:36  Zergling x6  
  115  6:40  Centrifical Hooks  
  115  6:42  Zergling x2  
  116  6:47  Zergling x4  
  116  6:48  Baneling x2  
  116  6:49  Baneling x2  
  118  6:54  Zergling x2  
  118  6:55  Zergling x6  
  118  6:59  Hatchery  
  121  7:01  Zergling x4  
  121  7:05  Overlord  
  123  7:16  Zergling x4  
  123  7:17  Zergling x2  
  126  7:27  Mutalisk x11  
  148  7:30  Overlord  
  148  7:31  Baneling x3  
  148  7:32  Baneling  
  148  7:35  Baneling x3  
  148  7:39  Zergling x14  
  148  7:42  Baneling x5  
  148  7:43  Baneling  
  155  7:46  Overlord x2  
  155  7:52  Zerg Ground Armor Level 2  
  155  7:54  Zergling x14  
  155  7:57  Overseer  
  162  7:59  Baneling x3  
  162  8:07  Zergling x18  
  170  8:13  Zerg Melee Weapons Level 2, Zerg Flyer Weapons Level 1  
  170  8:14  Overlord  
  170  8:17  Queen  
  170  8:18  Drone x2  
  170  8:19  Drone  
  174  8:20  Drone  
  174  8:23  Mutalisk x2  
  174  8:25  Mutalisk  
  181  8:28  Mutalisk  
  181  8:32  Zergling x14  
  190  8:41  Mutalisk x2, Infestation Pit  
  190  8:43  Overlord  
  190  8:45  Overseer  
  193  8:57  Zergling x8  
  193  8:59  Extractor  
  193  9:00  Overlord  
  198  9:02  Drone x2  
  198  9:03  Drone, Spine Crawler  
  198  9:04  Spore Crawler, Spine Crawler  
  198  9:05  Spine Crawler  
  198  9:06  Drone x3, Spore Crawler x2  
  198  9:07  Drone x2  
  198  9:09  Baneling x9  
  198  9:10  Baneling x4  
  198  9:12  Hatchery  
  197  9:20  Zergling x4  
  199  9:29  Hive  
  199  9:33  Baneling x24  
  199  9:37  Baneling x4  
  199  9:38  Baneling  
  168  10:01  Zergling x36  
  168  10:02  Zergling x10  
  168  10:06  Zergling x32  
  197  10:23  Baneling  
  197  10:24  Baneling x20  
  195  10:30  Queen  
  195  10:31  Drone x3  
  200  10:40  Burrow  
  200  10:41  Zerg Flyer Weapons Level 2  
  200  10:42  Zerg Melee Weapons Level 3  
  200  10:43  Adrenal Glands  
  198  10:54  Baneling x3  
  198  10:55  Baneling x12  
  198  10:56  Zergling x44  
  192  10:59  Baneling x4  
  192  11:01  Zergling x14  
  192  11:03  Baneling x4  
  195  11:09  Zergling x2  
  195  11:10  Zergling x16  
  191  11:12  Overseer  
  191  11:13  Baneling x4  
  191  11:16  Baneling x7  
  166  11:26  Zergling x24  
  166  11:29  Baneling x6  
  166  11:32  Zergling x10  
  171  11:34  Baneling x9  
  165  11:41  Zergling x12  
  161  11:47  Zergling x26  
  161  11:51  Baneling  
  161  11:52  Baneling x3  
  165  12:03  Zergling x20  
  156  12:13  Mutalisk  
  156  12:14  Mutalisk x5  
  166  12:16  Baneling x4  
  166  12:19  Mutalisk  
  168  12:35  Zergling x2  
  168  12:36  Zergling x32  
  185  12:37  Overseer  
  185  12:38  Baneling x3  
  185  12:39  Ultralisk Cavern  
  184  12:44  Overseer  
  184  12:50  Zergling x24  
  196  12:58  Baneling x7  
  196  12:59  Baneling  
  196  13:07  Zergling x6  
  196  13:12  Baneling x13  
  199  13:13  Baneling x2  
  199  13:25  Zergling x2  
  199  13:26  Zergling x6  
  199  13:34  Zergling x10  
Show
View Real Time Build Order
Export as new Build Order

YoutubeTY Terran 

Build Orders: 2 Factory, Reaper Expand 

Get SALT Encoding   

  12  0:01  SCV  
  13  0:13  SCV  
  14  0:17  Supply Depot  
  14  0:25  SCV  
  15  0:38  SCV  
  15  0:40  Barracks  
  16  0:43  Refinery  
  16  0:51  SCV  
  17  1:03  SCV  
  18  1:15  SCV  
  19  1:27  Reaper  
  19  1:28  Orbital Command  
  20  1:41  Command Center  
  20  1:54  SCV  
  20  1:56  Supply Depot  
  20  1:58  Marine  
  22  2:06  Factory  
  22  2:10  SCV  
  23  2:17  Marine  
  23  2:22  SCV  
  25  2:34  SCV  
  26  2:41  Barracks Reactor  
  26  2:46  SCV  
  26  2:48  Command Center  
  27  2:55  Orbital Command  
  28  2:58  SCV  
  28  3:07  Factory  
  28  3:10  SCV  
  29  3:21  SCV  
  29  3:22  Hellion x2  
  29  3:26  SCV, Barracks Tech Lab  
  35  3:34  SCV  
  36  3:38  SCV  
  36  3:40  Refinery  
  37  3:43  Hellion  
  37  3:45  Hellion  
  37  3:46  SCV  
  42  3:50  SCV  
  42  3:57  Infernal Pre-Igniter  
  42  3:58  SCV  
  42  3:59  Hellion  
  42  4:02  Orbital Command, SCV  
  46  4:09  Hellion  
  48  4:10  Hellion  
  48  4:12  SCV  
  48  4:14  SCV  
  52  4:22  Hellion  
  54  4:24  SCV  
  54  4:26  SCV  
  54  4:27  Orbital Command  
  54  4:29  Supply Depot  
  54  4:30  Supply Depot  
  57  4:32  Barracks Tech Lab  
  57  4:36  Hellion  
  57  4:38  Hellion  
  60  4:39  SCV  
  60  4:45  Supply Depot  
  61  4:51  SCV  
  61  4:52  Marine  
  61  4:53  SCV x2  
  61  4:56  Stimpack  
  61  5:03  SCV, Barracks x2  
  61  5:05  SCV  
  61  5:07  Engineering Bay  
  61  5:08  Engineering Bay  
  61  5:09  Marine, SCV  
  66  5:14  Siege Tank  
  66  5:18  Refinery, Factory Reactor  
  66  5:19  Refinery, SCV x2  
  68  5:26  SCV  
  69  5:29  Supply Depot  
  69  5:34  Marine  
  68  5:36  SCV  
  68  5:37  SCV  
  68  5:41  SCV  
  71  5:42  Terran Infantry Weapons Level 1  
  71  5:44  Starport  
  71  5:48  Siege Tank, SCV  
  71  5:49  SCV  
  76  5:53  Barracks x2  
  76  5:55  SCV  
  77  6:01  Refinery, Marine, SCV x2  
  77  6:02  Marine x2  
  77  6:03  Factory Reactor  
  82  6:05  Marine x2  
  82  6:07  SCV  
  82  6:08  Supply Depot  
  85  6:11  Supply Depot  
  85  6:13  SCV x2  
  87  6:19  Marine x2, Terran Infantry Armor Level 1  
  87  6:20  Marine  
  87  6:21  SCV  
  87  6:23  Marine x2  
  93  6:30  SCV  
  93  6:31  Supply Depot x2, SCV  
  98  6:33  SCV  
  98  6:37  Marine  
  100  6:40  Armory  
  100  6:42  Barracks Reactor x2, SCV  
  100  6:43  SCV  
  102  6:47  SCV  
  102  6:48  Marine x4, Factory Reactor  
  102  6:50  Combat Shield, Missile Turret  
  102  6:53  Medivac x2  
  108  6:54  SCV  
  108  6:58  SCV  
  108  6:59  Marine  
  108  7:01  Widow Mine  
  114  7:06  Marine x3  
  116  7:10  SCV  
  116  7:14  Command Center  
  116  7:15  Supply Depot x2  
  117  7:16  Supply Depot, Marine  
  117  7:17  Marine  
  117  7:21  Marine x4  
  123  7:23  Medivac  
  123  7:29  Drilling Claws  
  125  7:36  Marine x2, Medivac  
  133  7:37  Supply Depot, Marine x3, Widow Mine x3  
  133  7:39  Terran Infantry Weapons Level 2, Marine  
  139  7:45  SCV x3  
  139  7:46  Marine x3  
  139  7:48  Missile Turret  
  145  7:53  Supply Depot x2  
  145  7:54  Marine  
  145  7:56  Medivac  
  148  7:59  Marine x4  
  148  8:00  Marine  
  148  8:01  Widow Mine  
  154  8:06  Medivac  
  154  8:10  Marine  
  157  8:14  Marine x3  
  157  8:15  Widow Mine x2  
  157  8:17  Marine  
  162  8:24  Marine x2  
  161  8:28  SCV x2  
  161  8:31  Missile Turret  
  163  8:35  Thor, Missile Turret  
  171  8:43  Widow Mine x2, Barracks  
  171  8:44  Barracks  
  171  8:47  Barracks  
  173  8:49  Terran Vehicle And Ship Armor Level 1  
  173  8:50  Missile Turret  
  173  8:55  SCV x3  
  176  8:59  Planetary Fortress  
  176  9:03  Marauder  
  176  9:04  Medivac  
  176  9:05  Medivac  
  176  9:07  Terran Infantry Armor Level 2  
  182  9:10  Missile Turret  
  182  9:12  Marine x6  
  182  9:15  Sensor Tower  
  182  9:16  Marine  
  188  9:20  Missile Turret  
  188  9:28  Supply Depot  
  188  9:32  Barracks Tech Lab x2  
  188  9:39  Missile Turret  
  188  9:44  Marine  
  188  9:45  Missile Turret  
  188  9:46  Marine  
  188  9:47  Marine x2, Missile Turret  
  188  9:48  Marine x2  
  188  9:49  Widow Mine  
  188  9:50  SCV  
  188  9:56  Widow Mine  
  188  9:57  Thor  
  167  10:05  Marauder x2, Marine x3  
  167  10:06  Barracks Tech Lab, SCV x2  
  172  10:07  Marine  
  172  10:08  Marine  
  172  10:09  Marine x2  
  172  10:11  Widow Mine  
  176  10:15  Missile Turret  
  176  10:16  Medivac x2  
  176  10:17  Widow Mine  
  176  10:20  Marauder  
  184  10:26  Marauder x2  
  187  10:37  Marauder, Marine  
  187  10:39  Missile Turret  
  187  10:41  Supply Depot  
  188  10:55  Marine  
  176  11:02  Marine x3  
  176  11:03  Supply Depot  
  173  11:04  Marauder  
  173  11:05  Marine x3  
  173  11:06  Marauder x2  
  173  11:07  Marauder  
  173  11:08  Medivac x2  
  166  11:12  Marine x2  
  165  11:24  Marine x2  
  165  11:25  Marine x4  
  136  11:26  Marauder  
  136  11:27  Marauder x2  
  136  11:28  Marauder, Concussive Shells  
  136  11:30  Marine  
  136  11:35  Widow Mine x2  
  136  11:38  Medivac x2  
  134  11:44  Marine x2  
  134  11:45  Marine x2  
  134  11:46  Marine x3  
  121  11:47  Marauder  
  121  11:49  Marine x2  
  121  11:52  Orbital Command  
  121  11:54  Marine x2  
  110  12:07  Marine x3  
  110  12:08  Marine x4  
  111  12:10  SCV x2  
  111  12:14  Marauder  
  115  12:18  Marine x3  
  116  12:25  Marine x3  
  116  12:26  Marine  
  120  12:30  Missile Turret  
  120  12:31  Marine x3  
  120  12:32  Marine  
  120  12:36  Marauder x2, Marine  
  125  12:37  Widow Mine x3  
  125  12:39  Marauder  
  125  12:42  Missile Turret  
  134  12:45  Marine x2  
  134  12:46  Marine x2  
  134  12:49  Marine x3  
  134  12:50  Marine  
  141  12:53  Marine, SCV x2  
  141  12:57  Marine  
  144  12:58  Widow Mine  
  144  13:02  Marine x2  
  144  13:03  Marine x2  
  147  13:11  Marine x3  
  150  13:16  Widow Mine x2  
  154  13:25  SCV x2  
  136  13:27  Marine, SCV  
  136  13:28  Marine  
  132  13:36  Marine  
  132  13:37  SCV x2  
  132  13:39  Marine  
  132  13:41  Marine  
Tags
 
Add a new tag
Caveats
  • Supply blocks, unpowered buildings, or Contaminate may cause inaccurate times.
  • Supply counts are checked every 10 seconds.